 Dungeon Crawl Stone Soup version 0.31-a0-1074-g0b22e4e0f1 (webtiles) character file.

Game seed: 12718457592492992477

1355 jlumianski the Ruffian (level 8, -12/61 HPs)
             Began as a Gnoll Shapeshifter on Dec 2, 2023.
             Was an Initiate of Wu Jian.
             Mangled by Edmund
             ... wielding a +3 heavy flail
              (19 damage)
             ... on level 6 of the Dungeon.
             The game lasted 00:20:32 (4298 turns).

jlumianski the Ruffian (Gnoll Shapeshifter)         Turns: 4298, Time: 00:20:35

Health: -12/61     AC:  3    Str: 17    XL:     8   Next: 63%
Magic:  20/22      EV: 14    Int:  9    God:    Wu Jian [......]
Gold:   278        SH:  0    Dex: 14    Spells: 11/14 levels left

rFire   . . .        w - +8 war axe of the Four Geomancers {flame, Dex+3}
rCold   . . .        (no shield)
rNeg    . . .        g - +0 leather armour
rPois   .            (helmet currently unavailable)
rElec   .            (cloak currently unavailable)
rCorr   .            (gloves currently unavailable)
SInv    .            (boots currently unavailable)
Will    .....        t - amulet of faith
Stlth   ++           j - ring of magical power
HPRegen 0.30/turn    (no ring)
MPRegen 0.18/turn

%: faith
@: beast-form, very slightly contaminated
A: beast (slay +4), fangs 1, strong nose, distributed training
a: Begin Untransformation, Renounce Religion


You were on level 6 of the Dungeon.
You worshipped Wu Jian.
Wu Jian was noncommittal.
You were a hulking beast.
You visited 2 branches of the dungeon, and saw 7 of its levels.

You collected 352 gold pieces.
You spent 74 gold pieces at shops.

Inventory:

Hand Weapons
 p - a +0 sling of electrocution
 q - a +0 dagger of venom
 s - the +5 short sword of Woe {drain, +Blink Int+5}
   (You found it on level 2 of the Dungeon)

   Int+5:     It affects your intelligence (+5).
   +Blink:    It lets you blink.
 w - the +8 war axe of the Four Geomancers (weapon) {flame, Dex+3}
   (You found it on level 4 of the Dungeon)

   Dex+3:     It affects your dexterity (+3).
Missiles
 e - 38 stones
 f - 6 curare-tipped darts
 k - 12 poisoned darts (quivered)
 m - 7 boomerangs
Armour
 a - a +0 animal skin
 g - a +0 leather armour (worn)
Jewellery
 j - a ring of magical power (left hand)
 t - an amulet of faith (around neck)
Talismans
 c - a beast talisman
 d - a flux talisman
Wands
 n - a wand of quicksilver (3)
 u - a wand of paralysis (11)
Scrolls
 h - a scroll of blinking
 o - a scroll of torment
 r - a scroll of enchant armour
 v - 7 scrolls of identify
Potions
 b - a potion of lignification
 i - 2 potions of enlightenment
 l - a potion of magic
 z - a potion of might {unknown}
 A - a potion of heal wounds {unknown}


   Skills:
 + Level 4.4 Fighting
 + Level 3.5 Short Blades
 + Level 3.5 Long Blades
 + Level 3.5 Axes
 + Level 3.5 Maces & Flails
 + Level 3.5 Polearms
 + Level 3.5 Staves
 + Level 3.5 Ranged Weapons
 + Level 3.5 Throwing
 + Level 3.5 Armour
 + Level 5.8 Dodging
 + Level 3.5 Stealth
 + Level 3.5 Shields
 + Level 7.5 Unarmed Combat
 + Level 3.5 Spellcasting
 + Level 2.9 Conjurations
 + Level 2.9 Hexes
 + Level 2.9 Summonings
 + Level 2.9 Necromancy
 + Level 2.9 Translocations
 + Level 2.9 Transmutations
 + Level 2.9 Fire Magic
 + Level 2.9 Ice Magic
 + Level 2.9 Air Magic
 + Level 2.9 Earth Magic
 + Level 2.9 Poison Magic
 + Level 3.9 Invocations
 + Level 3.5 Evocations
 + Level 7.3 Shapeshifting


You had 11 spell levels left.
You knew the following spells:

 Your Spells              Type           Power      Damage    Failure   Level
a - Blink                 Tloc           12%        N/A       16%         2
b - Summon Small Mammal   Summ           24%        N/A       11%         1

Your spell library contained the following spells:

 Spells                   Type           Power      Damage    Failure   Level
 Apportation              Tloc           12%        N/A       11%         1
 Necrotise                Necr           24%        1d5       11%         1
 Call Canine Familiar     Summ           6%         N/A       30%         3
 Hailstorm                Conj/Ice       6%         3d4       30%         3
 Sigil of Binding         Hex            6%         N/A       30%         3
 Dimensional Bullseye     Hex/Tloc       3%         N/A       71%         4
 Leda's Liquefaction      Hex/Erth       3%         N/A       71%         4
 Manifold Assault         Tloc           6%         N/A       71%         4
 Passage of Golubria      Tloc           6%         N/A       71%         4
 Summon Ice Beast         Ice/Summ       6%         N/A       71%         4
 Silence                  Hex/Air        3%         N/A       96%         5
 Simulacrum               Ice/Necr       3%         N/A       100%        6
 Lehudib's Crystal Spear  Conj/Erth      3%         10d2      100%        8


Dungeon Overview and Level Annotations

Branches:
Dungeon (6/15)             Temple (1/1) D:6

Altars:
Ashenzari
Cheibriados
Dithmenos
Elyvilon
Fedhas
Gozag
Hepliaklqana
Kikubaaqudgha
Makhleb
Nemelex Xobeh
Okawaru
Qazlal
Ru
Sif Muna
Trog
Uskayaw
Vehumet
Wu Jian
Xom
Yredelemnul
Zin
The Shining One

Shops:
D:3 (   D:5 *

Annotations:
D:6 Edmund


Innate Abilities, Weirdness & Mutations

You are a hulking beast.
Your limbs bulge with bestial killing power. (Slay +4)
You have very sharp teeth.
Your uncanny sense of smell can sniff out nearby items.
Your experience applies equally to all skills.


Message History

The ufetubus closely misses you. The ufetubus hits you.
You slash the ufetubus! You burn the ufetubus.
You kill the ufetubus!
The Council accepts your kill.
You slash Edmund! You burn Edmund. Your punch misses Edmund.
Edmund is moderately wounded.
Edmund hits you with a +3 heavy flail!
You barely miss Edmund.
Edmund is moderately wounded.
Edmund clears his throat.
Edmund hits you with a +3 heavy flail!
* * * LOW HITPOINT WARNING * * *
Unknown command.
You feel better.
An orc comes into view. It is wielding a +0 hand axe.
Edmund misses you.
The orc shouts!
You slash Edmund! You burn Edmund.
Edmund is heavily wounded.
Edmund hits you with a +3 heavy flail!
* * * LOW HITPOINT WARNING * * *
You hit Edmund. You burn Edmund.
Edmund is severely wounded.
You barely miss Edmund.
Edmund is severely wounded.
Edmund hits you with a +3 heavy flail.
* * * LOW HITPOINT WARNING * * *
A sleepcap comes into view.
You feel better.
Edmund whines, "My parents never had time for me!"
Edmund hits you with a +3 heavy flail!
* * * LOW HITPOINT WARNING * * *
Unknown command.
Casting: Blink (safe; 16% risk of failure)
Confirm with . or Enter, or press ? or * to list all spells.
You miscast Blink.
You are very lightly contaminated with residual magic.
Nothing appears to happen.
Edmund hits you with a +3 heavy flail!!
You die...
Edmund says, "That'll show my brother!"

...)...# .# .♣..
....#### .# ...
.#.##### .# ##f.
........ .# #..# ∆
...##### #.. ...#
##)# ...# #oo#
>..##### #@##
.......#########h#
######.........).#
#.#####.##### #.#
#.# #.# #.# #.#
#.# #.#####.#
#..[....#
####.####


You could see Edmund, a sleepcap and 2 orcs.

Vanquished Creatures
  Menkaure (D:6)
  2 black bears
  2 ogres
  A centaur (D:5)
  A bullfrog (D:4)
  4 wights (D:6)
  3 hounds
  An orc priest (D:6)
  A gnoll bouda (D:6)
  Ijyb (D:3)
  An iguana (D:5)
  An orc wizard (D:5)
  Natasha (thrice) (D:2)
  6 gnolls (D:6)
  5 adders
  2 shadow imps
  2 ufetubi (D:6)
  A worm (D:3)
  2 dart slugs
  8 orcs
  14 endoplasms
  3 giant cockroaches
  13 goblins
  12 hobgoblins
  8 kobolds
  4 quokkas
  8 ball pythons
  6 bats
  3 frilled lizards
  8 rats
127 creatures vanquished.

Notes
Turn   | Place    | Note
-------+----------+-------------------------------------------
     0 | D:1      | jlumianski the Gnoll Shapeshifter began the quest for the
                  | Orb.
     0 | D:1      | Reached XP level 1. HP: 17/17 MP: 1/1
   131 | D:1      | Reached XP level 2. HP: 23/23 MP: 2/2
   406 | D:1      | Reached XP level 3. HP: 26/28 MP: 3/3
   539 | D:2      | Learned a level 2 spell: Blink
   805 | D:1      | Reached skill level 1 in Invocations
  1203 | D:3      | Reached skill level 1 in Short Blades
  1203 | D:3      | Reached skill level 1 in Long Blades
  1203 | D:3      | Reached skill level 1 in Axes
  1203 | D:3      | Reached skill level 1 in Maces & Flails
  1203 | D:3      | Reached skill level 1 in Polearms
  1203 | D:3      | Reached skill level 1 in Staves
  1203 | D:3      | Reached skill level 1 in Ranged Weapons
  1203 | D:3      | Reached skill level 1 in Throwing
  1203 | D:3      | Reached skill level 1 in Armour
  1203 | D:3      | Reached skill level 1 in Stealth
  1203 | D:3      | Reached skill level 1 in Shields
  1203 | D:3      | Reached skill level 1 in Spellcasting
  1203 | D:3      | Reached skill level 1 in Evocations
  1203 | D:3      | Reached XP level 4. HP: 29/34 MP: 5/5
  1215 | D:3      | Found Pouzausi's Weapon Emporium.
  1372 | D:3      | Bought a +0 sling of electrocution for 74 gold pieces
  1410 | D:3      | Reached skill level 1 in Conjurations
  1410 | D:3      | Reached skill level 1 in Hexes
  1410 | D:3      | Reached skill level 1 in Summonings
  1410 | D:3      | Reached skill level 1 in Necromancy
  1410 | D:3      | Reached skill level 1 in Translocations
  1410 | D:3      | Reached skill level 1 in Transmutations
  1410 | D:3      | Reached skill level 1 in Fire Magic
  1410 | D:3      | Reached skill level 1 in Ice Magic
  1410 | D:3      | Reached skill level 1 in Air Magic
  1410 | D:3      | Reached skill level 1 in Earth Magic
  1410 | D:3      | Reached skill level 1 in Poison Magic
  1474 | D:3      | Noticed Ijyb
  1614 | D:2      | Found a faded altar of an unknown god.
  1653 | D:2      | Noticed Natasha
  1657 | D:2      | Killed Natasha
  1658 | D:2      | Reached XP level 5. HP: 39/40 MP: 7/7
  1785 | D:2      | Identified the +5 short sword of Woe {drain, +Blink Int+5}
  1816 | D:2      | Noticed Natasha
  1823 | D:2      | Killed Natasha
  2048 | D:2      | Noticed Natasha
  2051 | D:2      | Killed Natasha
  2198 | D:3      | Killed Ijyb
  2415 | D:3      | Reached XP level 6. HP: 46/47 MP: 8/8
  2633 | D:5      | Entered Level 5 of the Dungeon
  2673 | D:4      | Learned a level 1 spell: Summon Small Mammal
  2988 | D:4      | Reached skill level 5 in Dodging
  3014 | D:4      | Identified the +8 war axe of the Four Geomancers {flame,
                  | Dex+3}
  3139 | D:4      | Found a glowing silver altar of Zin.
  3139 | D:4      | Found a shimmering blue altar of Sif Muna.
  3139 | D:4      | Found an iron altar of Okawaru.
  3139 | D:4      | Found a bloodstained altar of Trog.
  3151 | D:4      | Found a white marble altar of Elyvilon.
  3151 | D:4      | Found a snail-covered altar of Cheibriados.
  3234 | D:4      | Reached XP level 7. HP: 52/52 MP: 10/10
  3382 | D:5      | Found Usyfraev's Mayhem Merchandise.
  3835 | D:5      | Reached XP level 8. HP: 34/60 MP: 12/12
  3997 | D:6      | Noticed Menkaure
  4003 | D:6      | Killed Menkaure
  4005 | D:6      | Found a staircase to the Ecumenical Temple.
  4162 | Temple   | Entered the Ecumenical Temple
  4199 | Temple   | Became a worshipper of the Wu Jian Council
  4282 | D:6      | Noticed Edmund
  4298 | D:6      | Mangled by Edmund

Illustrated notes

Levels and vault maps discovered:
D:1:      lemuel_arrival_room, layout_basic
D:2:      layout_basic, nicolae_ecumenical_snake_handling, minmay_pentomino_p4,
          uniq_natasha
D:3:      cheibrodos_greedy_goblins, layout_rooms, serial_shops, shop,
          hex_medium, uniq_ijyb
D:4:      layout_gridville, minmay_overflow_temple_hex
D:5:      layout_cave_pools, dreamdust_princess_bridge, minmay_shop_mayhem,
          serial_park_tiny_pond
D:6:      layout_loops_ring, minmay_temple_entry_proselytizer,
          kennysheep_cross_room, kennysheep_decorative_pillar,
          nicolae_concentric_dashed_squares_mild, uniq_edmund, uniq_menkaure,
          uniq_duvessa
Temple:   nicolae_temple_elliptical

Skill      XL: |  1  2  3  4  5  6  7  8 |
---------------+-------------------------+-----
Invocations    | 1 2 3 |  3.9
Short Blades   | 1 2 3 |  3.5
Long Blades    | 1 2 3 |  3.5
Axes           | 1 2 3 |  3.5
Maces & Flails | 1 2 3 |  3.5
Polearms       | 1 2 3 |  3.5
Staves         | 1 2 3 |  3.5
Ranged Weapons | 1 2 3 |  3.5
Throwing       | 1 2 3 |  3.5
Armour         | 1 2 3 |  3.5
Stealth        | 1 2 3 |  3.5
Shields        | 1 2 3 |  3.5
Spellcasting   | 1 2 3 |  3.5
Evocations     | 1 2 3 |  3.5
Conjurations   | 1 2 |  2.9
Hexes          | 1 2 |  2.9
Summonings     | 1 2 |  2.9
Necromancy     | 1 2 |  2.9
Translocations | 1 2 |  2.9
Transmutations | 1 2 |  2.9
Fire Magic     | 1 2 |  2.9
Ice Magic      | 1 2 |  2.9
Air Magic      | 1 2 |  2.9
Earth Magic    | 1 2 |  2.9
Poison Magic   | 1 2 |  2.9
Fighting       | 3 4 |  4.4
Dodging        | 5 |  5.8
Unarmed Combat | 7 |  7.5
Shapeshifting  | 7 |  7.3

Action                     |  1- 3 |  4- 6 |  7- 9 || total
---------------------------+-------+-------+-------++-------
  Melee: Unarmed           |    68 |    50 |       ||   118
         Bite              |     5 |     7 |     5 ||    17
         Punch             |     1 |     2 |     2 ||     5
         Short sword       |       |    49 |       ||    49
         War axe           |       |    12 |    53 ||    65
   Fire: Sling             |       |    10 |       ||    10
  Throw: Dart              |       |     1 |     3 ||     4
Ability: Lunge             |       |       |     2 ||     2
    Use: Scroll            |       |     5 |     1 ||     6
         Potion            |       |       |     2 ||     2
   Stab: Sleeping          |     1 |     3 |       ||     4
         Distracted        |     1 |       |       ||     1
 Armour: Animal skin       |     4 |       |       ||     4
         Leather armour    |    31 |    39 |    30 ||   100
  Dodge: Dodged            |    47 |    59 |    39 ||   145

Table legend: (Time is in decaauts)
 A = Elapsed time spent in this place.
 B = Non-inter-level travel time spent in this place.
 C = Inter-level travel time spent in this place.
 D = Time resting spent in this place.
 E = Time spent auto-exploring this place.
 F = Levels seen in this place.
 G = Mean time per level.
                   A        B        C        D        E       F      G
               +--------+--------+--------+--------+--------+-----+--------+
         Total |   4319 |   4249 |     70 |    268 |   2129 |   7 |  617.0 |
       Dungeon |   4239 |   4169 |     70 |    268 |   2129 |   6 |  706.5 |
        Temple |     80 |     80 |      0 |      0 |      0 |   1 |   80.0 |
               +--------+--------+--------+--------+--------+-----+--------+

Top non-repeatable levels by time:
     D:1: 1022 daAuts
     D:2: 747 daAuts
     D:5: 720 daAuts
     D:3: 700 daAuts
     D:4: 687 daAuts
     D:6: 361 daAuts
  Temple: 80 daAuts
